 Dungeon Crawl Stone Soup version 0.22.1-2-g9c5b331383 (webtiles) character file.

38226 Honti the Cleaver (level 14, -2/138 HPs)
             Began as a Gargoyle Berserker on Dec 31, 2018.
             Was a High Priest of Trog.
             Splashed by an oklob plant's acid (11 damage)
             ... on level 4 of the Lair of Beasts on Jan 3, 2019.
             The game lasted 00:46:14 (16267 turns).

Honti the Cleaver (Gargoyle Berserker)             Turns: 16267, Time: 00:46:14

Health: -2/138     AC: 21    Str: 27    XL:     14   Next: 1%
Magic:  14/14      EV:  7    Int:  9    God:    Trog [*****.]
Gold:   520        SH: 13    Dex: 15    Spells: 13/13 levels left

rFire    + + +     SeeInvis +   Y - +7 hand axe "Gaynoowa" {freeze, rElec rF+++ rC- SInv}
rCold    + + .     Gourm    .   u - +0 shield
rNeg     + . .     Faith    .   v - +2 plate armour {rC+}
rPois    ∞         Spirit   .   m - +1 helmet
rElec    +         Reflect  .   K - scarf {rC+ rF+}
rCorr    .         Harm     .   W - +2 pair of gloves {Dex+3}
MR       +....                  (no boots)
Stlth    ..........             C - amulet of regeneration
HPRegen  0.73/turn              (no ring)
MPRegen  0.14/turn              Z - ring of ice

@: berserking (expiring), corroded, very quick
A: big wings, negative energy resistance 1, electricity resistance, unbreathing,
petrification resistance, rot immunity, AC +10
a: Fly, Berserk, Trog's Hand, Brothers in Arms, Renounce Religion


You were on level 4 of the Lair of Beasts.
You worshipped Trog.
Trog was extremely pleased with you.
You were very hungry.

You visited 2 branches of the dungeon, and saw 17 of its levels.
You also visited: Ossuary and Ice Cave.

You collected 1080 gold pieces.
You spent 560 gold pieces at shops.

Inventory:

Hand Weapons
 p - a +2 morningstar of holy wrath
 q - a +1 battleaxe of freezing
 A - a +5 antimagic war axe
 Y - the +7 hand axe "Gaynoowa" (weapon) {freeze, rElec rF+++ rC- SInv}
   (You found it in an ice cave)

   It has been specially enchanted to freeze those struck by it, causing extra
   injury to most foes and up to half again as much damage against particularly
   susceptible opponents.
   It can also slow down cold-blooded creatures.
   It renders you almost immune to fire.
   It makes you vulnerable to cold.
   It insulates you from electricity.
   It lets you see invisible.
Missiles
 j - a throwing net (quivered)
Armour
 m - a +1 helmet (worn)
 u - a +0 shield (worn)
 v - a +2 plate armour of cold resistance (worn)
 K - a scarf of resistance (worn)
 W - a +2 pair of gloves of dexterity (worn)
Jewellery
 r - an uncursed amulet of guardian spirit
 z - an uncursed ring of ice
 C - an amulet of regeneration (around neck)
 N - an uncursed amulet of the gourmand {unknown}
 S - a +5 amulet of reflection {unknown}
 Z - a ring of ice (right hand)
Wands
 l - a wand of polymorph (18)
 D - a wand of clouds (4)
 J - a wand of acid (7)
 Q - a wand of random effects (28)
 T - a wand of digging (7)
 U - a wand of flame (25)
 V - a wand of iceblast (5)
Scrolls
 b - 10 scrolls of remove curse
 d - 3 scrolls of enchant armour
 e - 6 scrolls of fog {unknown}
 f - 9 scrolls of teleportation
 h - 5 scrolls of immolation {unknown}
 i - 3 scrolls of enchant weapon {unknown}
 k - 2 scrolls of fear {unknown}
 s - 2 scrolls of blinking {unknown}
 t - a scroll of silence {unknown}
 x - a scroll of amnesia {unknown}
 y - 3 scrolls of magic mapping {unknown}
 L - a scroll of noise {unknown}
 P - a scroll of holy word {unknown}
Potions
 a - 6 potions of lignification
 g - a potion of berserk rage {unknown}
 n - 4 potions of ambrosia
 o - 2 potions of haste
 w - 5 potions of flight
 B - 3 potions of might
 E - 6 potions of curing
 F - a potion of invisibility
 G - 2 potions of mutation
 H - a potion of cancellation
 I - 6 potions of heal wounds
 M - a potion of agility
 O - a potion of brilliance
 R - 2 potions of resistance
Comestibles
 c - 12 rations


   Skills:
 + Level 12.2 Fighting
 * Level 14.4 Axes
 + Level 11.0 Armour
 - Level 1.5 Dodging
 + Level 10.7 Shields


You had 13 spell levels left.
You didn't know any spells.
Your spell library was empty.

Dungeon Overview and Level Annotations

Branches:
Dungeon (13/15)            Temple (0/1) D:7            Lair (4/6) D:11
  Swamp (0/4) Lair:2       Spider (0/4) Lair:2          Orc (0/2) D:10
 Vaults: D:13-14

Altars:
Fedhas
Gozag
Nemelex Xobeh
Ru
Sif Muna
Trog
Vehumet
Wu Jian
Xom
Yredelemnul
Zin
The Shining One

Shops:
D:5 *   D:8 :   D:10 [

Annotations:
D:4 Prince Ribbit
D:6 3 runed doors, Jukra's ghost, novice DrBe
Lair:4 exclusion: oklob plant


Innate Abilities, Weirdness & Mutations

You are resistant to torment.
Your stone body is resilient. (AC +10)
You are immune to poison.
Your large and strong wings let you fly indefinitely.
You resist negative energy. (rN+)
You are resistant to electric shocks. (rElec)
You can survive without breathing.
You are immune to petrification.
You are immune to rotting.


Message History

The oklob plant spits acid at you. The splash of acid hits you!
* * * LOW HITPOINT WARNING * * *
You are splashed with acid!
The acid burns!
* * * LOW HITPOINT WARNING * * *
You hit the oklob plant but do no damage.
The oklob plant is almost destroyed.
You are too berserk!
You hit the oklob plant. You freeze the oklob plant.
The oklob plant is almost destroyed.
You slash the oklob plant! You freeze the oklob plant.
You destroy the oklob plant!
Trog accepts your kill.
You have reached level 14!
Your wings grow larger and stronger.
The oklob plant spits acid at you. The splash of acid hits you!
* * * LOW HITPOINT WARNING * * *
The acid corrodes you!
You are splashed with acid!
The acid burns!
You die...

##.P...#...........#....#
....#
##..#####...#.....##....#
.#.###
.##.PP###...##..........#
####
...P.P.......†...........
#
.............#..PPP#.....
#P
.............#...$?#.....
... .######...####.(..$#
P... ## ##### #..$..#
#### #=$@.$# #....P#
#######


You could see an oklob plant.

Vanquished Creatures
  A frost giant (IceCv)
  A centaur warrior (D:12)
  A catoblepas (Lair:3)
  A death yak (IceCv)
  An unseen horror (D:11)
  3 ugly things
  A lindwurm (Lair:3)
  A wolf spider (Lair:1)
  A centaur zombie (D:11)
  3 oklob plants (Lair:4)
  An ice statue (IceCv)
  4 elephants
  2 gargoyles
  4 spiny frogs
  A black mamba (Lair:1)
  A torpor snail (Lair:3)
  A centaur skeleton (D:11)
  A kobold demonologist (D:12)
  3 rime drakes (IceCv)
  6 komodo dragons
  2 tengu conjurers (D:12)
  14 polar bears
  A hornet (Lair:1)
  2 tyrant leeches (Lair:2)
  8 blink frogs
  5 hippogriffs
  5 slime creatures (D:12)
  A spriggan (Lair:2)
  A wraith (D:12)
  38 yaks
  3 basilisks
  2 vampire mosquitoes (D:12)
  2 hungry ghosts
  A swamp worm (Lair:2)
  A soldier ant (D:10)
  7 porcupines
  11 water moccasins
  5 orc warriors
  3 sky beasts
  An eye of draining (D:12)
  3 ice beasts
  2 black bears
  4 phantoms
  A necrophage (D:11)
  7 ogres
  16 wolves
  7 centaurs
  6 crocodiles
  A gnoll sergeant (D:7)
  A big kobold (D:12)
  2 water moccasin zombies (Ossuary)
  19 bullfrogs
  2 scorpions
  5 killer bees (D:11)
  7 wights
  3 howler monkeys
  3 electric eels (Lair:3)
  6 crimson imps
  3 bullfrog zombies
  4 hounds
  2 quasits
  3 orc priests
  3 orc wizards
  4 jellies
  A gnoll shaman (D:6)
  Crazy Yiuf (D:2)
  8 iguanas
  6 worker ants
  3 big kobold zombies (Ossuary)
  2 hound skeletons
  2 mummies (Ossuary)
  2 worker ant zombies
  Robin (D:2)
  9 gnolls
  22 adders
  3 shadow imps
  4 oozes
  4 adder zombies
  An adder skeleton (D:4)
  2 worms (D:2)
  A dart slug (D:1)
  A leopard gecko (D:1)
  30 orcs
  3 bats
  A giant cockroach (D:6)
  15 goblins
  9 hobgoblins
  9 jackals
  4 quokkas
  2 ball pythons
  5 frilled lizards
  3 gnoll zombies (Ossuary)
  2 hobgoblin zombies (Ossuary)
  A jackal skeleton (D:5)
  A jackal zombie (D:6)
  13 kobolds
  6 kobold zombies (Ossuary)
  9 orc zombies (Ossuary)
  A quokka skeleton (D:4)
  7 rats
  6 fungi
  2 plants (Lair:4)
467 creatures vanquished.

Vanquished Creatures (others)
  2 wolves (IceCv)
  10 fungi
  3 plants
15 creatures vanquished.

Grand Total: 482 creatures vanquished

Notes
Turn   | Place    | Note
-------+----------+-------------------------------------------
     0 | D:1      | Honti the Gargoyle Berserker began the quest for the Orb.
     0 | D:1      | Reached XP level 1. HP: 14/14 MP: 1/1
    27 | D:1      | Reached skill level 3 in Axes
    27 | D:1      | Reached XP level 2. HP: 6/19 MP: 2/2
   420 | D:1      | Reached XP level 3. HP: 21/24 MP: 3/3
  1107 | D:2      | Noticed Robin
  1113 | D:2      | Reached ** piety under Trog
  1116 | D:2      | Reached XP level 4. HP: 25/29 MP: 4/4
  1145 | D:2      | Killed Robin
  1145 | D:2      | Reached skill level 4 in Axes
  1232 | D:2      | Found a runed door.
  1602 | D:2      | Found a bloodstained altar of Trog.
  1979 | D:2      | Noticed Crazy Yiuf
  2007 | D:2      | Killed Crazy Yiuf
  2007 | D:2      | Reached XP level 5. HP: 14/33 MP: 0/5
  2475 | D:3      | Reached skill level 5 in Axes
  2538 | D:3      | Found a sacrificial altar of Ru.
  3149 | D:4      | Reached XP level 6. HP: 30/38 MP: 6/6
  3531 | D:5      | Entered Level 5 of the Dungeon
  3531 | D:5      | Noticed a sky beast
  3550 | D:5      | Killed a sky beast
  3550 | D:5      | Reached skill level 6 in Axes
  3607 | D:5      | Noticed Prince Ribbit
  3738 | D:5      | Reached XP level 7. HP: 29/44 MP: 7/7
  3773 | D:5      | Reached *** piety under Trog
  3855 | D:5      | Found a shimmering altar of Xom.
  3856 | D:5      | Noticed an angel
  3861 | D:5      | Found a glowing silver altar of Zin.
  4259 | D:5      | Found Siyhad's Serpentskin Sales.
  4280 | D:5      | Reached skill level 5 in Fighting
  4289 | D:5      | Reached skill level 7 in Axes
  4330 | D:5      | Found a blossoming altar of Fedhas.
  4745 | D:6      | Reached XP level 8. HP: 50/50 MP: 8/8
  4842 | D:6      | Found a runed gate.
  4842 | D:6      | Found a runed gate.
  4842 | D:6      | Found a runed gate.
  4849 | D:6      | Noticed Jukra's ghost (novice DrBe)
  4850 | D:6      | Noticed a kobold demonologist
  4917 | D:6      | Reached skill level 8 in Axes
  5053 | D:6      | Found an opulent altar of Gozag.
  5288 | D:6      | Found a radiant altar of Vehumet.
  5626 | D:7      | Noticed a hippogriff
  5637 | D:7      | Killed a hippogriff
  5637 | D:7      | Reached skill level 1 in Shields
  5757 | D:7      | Found a sand-covered staircase.
  5761 | Ossuary  | Entered an ossuary
  5797 | Ossuary  | Reached **** piety under Trog
  6058 | D:7      | Reached XP level 9. HP: 56/56 MP: 9/9
  6092 | D:7      | Received a gift from Trog
  6140 | D:7      | Found a staircase to the Ecumenical Temple.
  6299 | D:7      | Reached skill level 9 in Axes
  6422 | D:7      | Found a glowing golden altar of the Shining One.
  6422 | D:7      | Found an ornate altar of the Wu Jian Council.
  6424 | D:7      | Found a basalt altar of Yredelemnul.
  7254 | D:8      | Found a deep blue altar of Sif Muna.
  7272 | D:8      | Reached skill level 5 in Armour
  7494 | D:8      | Found a sparkling altar of Nemelex Xobeh.
  7555 | D:8      | Found an opulent altar of Gozag.
  7588 | D:8      | Found Ulaggeam's Book Shop.
  8011 | D:9      | Reached XP level 10. HP: 64/64 MP: 10/10
  8024 | D:9      | Reached ***** piety under Trog
  8331 | D:10     | Entered Level 10 of the Dungeon
  8412 | D:10     | Reached skill level 10 in Axes
  8598 | D:10     | Found Ufuheff's Armour Boutique.
  8598 | D:10     | Found a staircase to the Orcish Mines.
  8623 | D:10     | Reached skill level 5 in Shields
  8672 | D:10     | Bought a +2 plate armour of cold resistance for 560 gold
                  | pieces
  8748 | D:10     | Noticed a gargoyle
  8760 | D:10     | Killed a gargoyle
  8975 | D:10     | Received a gift from Trog
  9198 | D:10     | Found a blossoming altar of Fedhas.
  9491 | D:11     | Found a staircase to the Lair.
  9564 | D:11     | Reached skill level 11 in Axes
  9672 | D:11     | Reached XP level 11. HP: 67/69 MP: 11/11
  9848 | D:11     | Killed an unseen horror
 10015 | D:11     | Noticed a cyan ugly thing
 10027 | D:11     | Killed a cyan ugly thing
 10488 | D:12     | Noticed a centaur warrior
 10508 | D:12     | Killed a centaur warrior
 10552 | D:12     | Noticed a purple ugly thing
 10565 | D:12     | Killed a purple ugly thing
 10829 | D:12     | Received a gift from Trog
 10829 | D:12     | Reached skill level 12 in Axes
 10968 | D:12     | Reached skill level 10 in Fighting
 11059 | D:12     | Noticed a purple ugly thing
 11072 | D:12     | Killed a purple ugly thing
 11260 | D:12     | Reached XP level 12. HP: 77/77 MP: 4/12
 11406 | D:13     | Noticed a centaur warrior
 11463 | D:13     | Noticed a centaur warrior
 11717 | Lair:1   | Entered Level 1 of the Lair of Beasts
 12831 | Lair:2   | Found a hole to the Spider Nest.
 12882 | Lair:2   | Reached skill level 13 in Axes
 13506 | Lair:2   | Found a staircase to the Swamp.
 13972 | Lair:3   | Reached XP level 13. HP: 79/84 MP: 4/13
 14193 | Lair:3   | Reached skill level 10 in Armour
 14204 | Lair:3   | Received a gift from Trog
 15018 | Lair:4   | Found a frozen archway.
 15026 | IceCv    | Entered an ice cave
 15131 | IceCv    | Reached skill level 10 in Shields
 15275 | IceCv    | Reached skill level 14 in Axes
 15682 | IceCv    | Noticed a frost giant
 15714 | IceCv    | Killed a frost giant
 15798 | IceCv    | Got an ivory hand axe
 15818 | IceCv    | Identified the +7 hand axe "Gaynoowa" {freeze, rElec rF+++
                  | rC- SInv} (You found it in an ice cave)
 16266 | Lair:4   | Gained mutation: Your large and strong wings let you fly
                  | indefinitely. [Gargoyle growth]
 16266 | Lair:4   | Reached XP level 14. HP: 17/92 MP: 14/14
 16267 | Lair:4   | Splashed by an oklob plant's acid

Skill      XL: |  1  2  3  4  5  6  7  8  9 10 11 12 13 |
---------------+----------------------------------------+-----
Axes           | 3 4 5 6 7 8 9 11 12 13 14 | 14.4
Fighting       | 4 5 6 7 8 10 11 12 | 12.2
Armour         | 3 5 7 8 9 11 | 11.0
Shields        | 2 4 6 7 9 10 | 10.7
Dodging        | |  1.5

Action                   |  1- 3 |  4- 6 |  7- 9 | 10-12 | 13-15 || total
-------------------------+-------+-------+-------+-------+-------++-------
Melee: Hand axe          |    89 |   259 |   209 |       |    41 ||   598
       Broad axe         |       |       |   414 |   407 |       ||   821
       War axe           |       |       |       |   394 |   421 ||   815
Invok: Trog's Hand       |       |     2 |       |       |     1 ||     3
       Berserk           |       |     1 |     7 |    10 |     5 ||    23
       Brothers in Arms  |       |       |       |       |     1 ||     1
  Use: Scroll            |       |       |     6 |     3 |    13 ||    22
       Potion            |       |       |     1 |       |       ||     1
 Stab: Invisible         |       |     1 |       |       |       ||     1
       Distracted        |       |       |       |     1 |       ||     1
       Petrified         |       |       |       |       |     4 ||     4
  Eat: Chunk             |     1 |     7 |    20 |    21 |    12 ||    61
       Ration            |       |     1 |       |     8 |       ||     9
Armor: Animal skin       |    16 |    61 |       |       |       ||    77
       Scale mail        |       |    72 |   329 |    34 |       ||   435
       Plate armour      |       |       |       |   569 |   267 ||   836
Dodge: Dodged            |    63 |   126 |   168 |   175 |    99 ||   631
Block: Shield            |       |    44 |   247 |   432 |   267 ||   990
